 Dungeon Crawl Stone Soup version 0.24-a0-244-ga6a6ab7 (webtiles) character file.

Game seed: 10122652848359372613

39 Leeroy the Gusty (level 3, 0/19 HPs)
             Began as a Tengu Air Elementalist on Apr 11, 2019.
             Succumbed to an adder's poison
             ... on level 2 of the Dungeon.
             The game lasted 00:03:44 (1088 turns).

Leeroy the Gusty (Tengu Air Elementalist)           Turns: 1088, Time: 00:03:44

Health: 0/19       AC:  2    Str:  9    XL:     3   Next: 45%
Magic:  6/7        EV: 13    Int: 15    God:
Gold:   52         SH:  0    Dex: 14    Spells: 3/6 levels left

rFire    . . .     SeeInvis .   f - +0 short sword
rCold    . . .     Gourm    .   (no shield)
rNeg     . . .     Faith    .   a - +0 robe
rPois    .         Spirit   .   (helmet restricted)
rElec    .         Reflect  .   (no cloak)
rCorr    .         Harm     .   (no gloves)
MR       .....                  (boots unavailable)
Stlth    ++........             (no amulet)
HPRegen  0.06/turn              (no ring)
MPRegen  0.10/turn              (no ring)

@: lethally poisoned (0 -> -4)
A: beak, talons 3
a: no special abilities


You were on level 2 of the Dungeon.
You were hungry.

You visited 1 branch of the dungeon, and saw 2 of its levels.

You collected 52 gold pieces.

Inventory:

Hand Weapons
 b - a +0 dagger
 f - a +0 short sword (weapon)
 l - a +0 spear
Missiles
 d - 45 stones (quivered)
Armour
 a - a +0 robe (worn)
Scrolls
 e - 3 scrolls of identify {unknown}
Potions
 h - a potion of resistance {unknown}
 i - a potion of might {unknown}
 j - a potion of curing {unknown}
 k - a potion of flight {unknown}
Comestibles
 c - 4 rations
 g - 4 chunks of flesh


   Skills:
 + Level 0.9 Short Blades
 - Level 2.5 Dodging
 - Level 2.0 Stealth
 - Level 2.0 Spellcasting
 * Level 1.9 Conjurations
 + Level 5.2 Air Magic


You had 3 spell levels left.
You knew the following spells:

 Your Spells              Type           Power        Failure   Level  Hunger
a - Shock                 Conj/Air       ##..         4%          1    #......
b - Swiftness             Chrm/Air       #.......     12%         2    ###....

Your spell library contained the following spells:

 Spells                   Type           Power        Failure   Level  Hunger
 Static Discharge         Conj/Air       ##......     16%         3    ###....
 Airstrike                Air            ###.......   26%         4    #####..
 Lightning Bolt           Conj/Air       ##........   80%         5    ######.


Dungeon Overview and Level Annotations

Branches:
Dungeon (2/15)

Altars:

Annotations:
D:2 Terence


Innate Abilities, Weirdness & Mutations

You have a beak for a mouth.
You have claws for feet.


Message History

There are monsters nearby!
Terence looks scornfully at you.
Things that are here:
a +0 club; a hobgoblin skeleton You see here a rat skeleton.
A rat comes into view.
A kobold comes into view. It is wielding a +0 dagger.
An adder comes into view.
A worm and a giant cockroach come into view.
The adder closely misses you.
Found a stone staircase leading up.
The adder completely misses you. The hobgoblin closely misses you.
The hobgoblin hits you.
* * * LOW HITPOINT WARNING * * *
The hobgoblin barely misses you. The adder bites you.
* * * LOW HITPOINT WARNING * * *
You are lethally poisoned!
The adder poisons you!
You die...

#. #...........######
#. ###.#.#...### #.
#######.#.#...# #.
#.......#.##.####
#.###.#####..........
.......####.#.##.###
#........)@.#.##.#
.......######.##.#
#)####.# #g##@# #.
..# ##.##.### #. ####
#...gS..# #.
#..##@#.# #.
#..##.#.# ..
#####..##s# # .#
...........#
######.##.## #r #.#


You could see Terence, an adder, a giant cockroach and a hobgoblin.

Vanquished Creatures
  A hound skeleton (D:2)
  2 dart slugs
  3 bats (D:1)
  A giant cockroach (D:1)
  2 goblins
  5 hobgoblins
  A kobold (D:1)
  7 rats
22 creatures vanquished.

Notes
Turn   | Place    | Note
-------+----------+-------------------------------------------
     0 | D:1      | Leeroy the Tengu Air Elementalist began the quest for the
                  | Orb.
     0 | D:1      | Reached XP level 1. HP: 10/10 MP: 4/4
    44 | D:1      | Reached XP level 2. HP: 9/15 MP: 3/6
   482 | D:1      | Learned a level 2 spell: Swiftness
   863 | D:1      | Reached skill level 5 in Air Magic
  1035 | D:2      | Reached XP level 3. HP: 9/19 MP: 4/7
  1058 | D:2      | Noticed Terence
  1088 | D:2      | Succumbed to an adder's poison

Levels and vault maps discovered:
D:1:      ncdulo_watergridlock, layout_rooms
D:2:      layout_loops_ring, minmay_tripent, uniq_terence

Skill      XL: |  1  2 |
---------------+-------+-----
Air Magic      | 5 |  5.2
Short Blades   | |  0.9
Dodging        | |  2.5
Stealth        | |  2.0
Spellcasting   | |  2.0
Conjurations   | |  1.9

Action                   || total
-------------------------++-------
Melee: Dagger            ||     4
       Kick              ||    10
       Unarmed           ||     1
       Short sword       ||    35
       Peck              ||     3
 Cast: Shock             ||    13
 Stab: Sleeping          ||     3
Armor: Robe              ||     6
Dodge: Dodged            ||    38

Table legend:
 A = Non-vault XP
 B = Vault XP
 C = Vault XP percentage of total XP
 D = Non-vault monster count
 E = Vault monster count
 F = Vault count percentage of total count
                 A         B        C        D         E       F
            +---------+---------+-------+---------+---------+-------
      Total |      56 |       0 |   0.0 |      22 |       0 |   0.0
            +---------+---------+-------+---------+---------+-------
        D:1 |      28 |       0 |   0.0 |      17 |       0 |   0.0
        D:2 |      28 |       0 |   0.0 |       5 |       0 |   0.0
            +---------+---------+-------+---------+---------+-------
